 Dungeon Crawl Stone Soup version 0.28-a0-674-gdaf460b524 (webtiles) character file.

Game seed: 11350505771767763180

493 timneilson the Shield-Bearer (level 7, 0/43 HPs)
             Began as a Gargoyle Fighter on Oct 17, 2021.
             Was an Initiate of Okawaru.
             Slain by a jelly (2 damage)
             ... on level 4 of the Dungeon.
             The game lasted 00:07:24 (4448 turns).

timneilson the Shield-Bearer (Gargoyle Fighter)     Turns: 4448, Time: 00:07:25

Health: 0/43       AC:  2    Str: 22    XL:     7   Next: 15%
Magic:  7/7        EV:  8    Int:  8    God:    Okawaru [......]
Gold:   104        SH:  5    Dex:  9    Spells: 6/6 levels left

rFire   . . .      SeeInvis .   a - +1 long sword
rCold   . . .      Faith    .   c - +1 buckler
rNeg    + . .      Spirit   .   i - +0 chain mail
rPois   ∞          Reflect  .   (no helmet)
rElec   +          Harm     .   (no cloak)
rCorr   .          Rampage  .   (no gloves)
Will    .....                   (no boots)
Stlth   ..........              (no amulet)
HPRegen 0.14/turn               (no ring)
MPRegen 0.10/turn               (no ring)

@: corroded, very slightly contaminated, invisible
A: sickness immunity, AC +4, negative energy resistance 1, electricity
resistance, torment resistance 1, petrification resistance
a: Renounce Religion


You were on level 4 of the Dungeon.
You worshipped Okawaru.
Okawaru was noncommittal.
You visited 2 branches of the dungeon, and saw 5 of its levels.

You collected 104 gold pieces.

Inventory:

Hand Weapons
 a - a +1 long sword (weapon)
Armour
 c - a +1 buckler (worn)
 i - a +0 chain mail (worn)
Wands
 b - a wand of acid (8)
Scrolls
 g - a scroll of blinking
Potions
 f - a potion of curing
 h - a potion of flight
 j - 3 potions of attraction
 k - 3 potions of lignification


   Skills:
 + Level 4.2 Fighting
 * Level 3.6 Long Blades
 * Level 5.0 Armour
 + Level 1.8 Dodging
 * Level 5.3 Shields
 + Level 0.1 Evocations


You had 6 spell levels left.
You didn't know any spells.
Your spell library contained the following spells:

 Spells                   Type           Power      Damage    Failure   Level
 Passage of Golubria      Tloc           0%         N/A       100%        4
 Yara's Violent Unravell  Hex/Tmut       0%         3d3       100%        5
 Orb of Destruction       Conj           0%         N/A       100%        7
 Summon Guardian Golem    Hex/Summ       Unusable   N/A       N/A         3
 Tukima's Dance           Hex            Unusable   N/A       N/A         3
 Spellforged Servitor     Conj/Summ      Unusable   N/A       N/A         7

Dungeon Overview and Level Annotations

Branches:
Dungeon (4/15)             Temple (1/1) D:4

Altars:
Fedhas
Hepliaklqana
Nemelex Xobeh
Okawaru
Vehumet
Wu Jian

Shops:
D:1 (


Innate Abilities, Weirdness & Mutations

You are immune to sickness and miasma.
Your stone body is resilient. (AC +4)
You are immune to poison.
You resist negative energy. (rN+)
You are resistant to electric shocks. (rElec)
You are resistant to unholy torment.
You are immune to petrification.


Message History

The jelly is heavily wounded.
The jelly closely misses you.
It was a potion of curing.
You feel better.
Something hits the fungus.
The fungus begins to die.
You block the jelly's attack.
It was a potion of invisibility.
You fade into invisibility!
The jelly hits you but does no damage.
You are very lightly contaminated with residual magic.
You completely miss the jelly.
The jelly is heavily wounded.
You block the jelly's attack.
You hit the jelly but do no damage.
Your hands burn!
The jelly is heavily wounded.
The jelly hits you but does no damage.
You slash the jelly!
You kill the jelly!
Okawaru accepts your kill.
A nearby fungus withers and dies.
An endoplasm comes into view.
You hit the jelly.
Your hands burn!
The jelly is lightly wounded.
The jelly hits you.
You are splashed with acid!
You block the jelly's attack.
You hit the jelly but do no damage. The acid corrodes you!
Your hands burn!
* * * LOW HITPOINT WARNING * * *
The jelly is lightly wounded.
The jelly hits you but does no damage.
You slash the jelly! The acid corrodes you!
Your hands burn!
* * * LOW HITPOINT WARNING * * *
The jelly is severely wounded.
You block the jelly's attack.
You hit the jelly but do no damage.
Your hands burn!
* * * LOW HITPOINT WARNING * * *
The jelly is severely wounded.
The jelly barely misses you.
An endoplasm comes into view.
You hit the jelly.
Your hands burn!
* * * LOW HITPOINT WARNING * * *
The jelly is almost dead.
The jelly hits you.
You die... #.P #.. #.P #.. #.J #JJ

#J#######
#@)....##
########.#
#....'..##
#....####
#.......# #....
#.......#
#....##.......#
#....##.......#
#..<.###.....##


You could see a jelly and 3 endoplasms.

Vanquished Creatures
  Grinder (D:3)
  A jelly (D:4)
  Natasha (thrice) (D:3)
  6 adders
  4 gnolls (D:3)
  A worm (D:2)
  3 orcs (D:3)
  11 ball pythons
  9 endoplasms
  7 giant cockroaches
  6 goblins
  7 hobgoblins
  2 jackals (D:2)
  13 kobolds
  5 quokkas
  7 bats
  4 frilled lizards
  4 rats
94 creatures vanquished.

Vanquished Creatures (others)
  5 fungi (D:4)
  4 toadstools (D:4)
9 creatures vanquished.

Grand Total: 103 creatures vanquished

Notes
Turn   | Place    | Note
-------+----------+-------------------------------------------
     0 | D:1      | timneilson the Gargoyle Fighter began the quest for the
                  | Orb.
     0 | D:1      | Reached XP level 1. HP: 14/14 MP: 1/1
   250 | D:1      | Reached XP level 2. HP: 8/19 MP: 2/2
   540 | D:1      | Found Xaxax's Weapon Shoppe.
  1191 | D:1      | Reached XP level 3. HP: 23/23 MP: 3/3
  2279 | D:2      | Reached XP level 4. HP: 7/28 MP: 4/4
  2709 | D:2      | Reached skill level 1 in Dodging
  2897 | D:3      | Noticed Grinder
  2897 | D:3      | Noticed Natasha
  3003 | D:3      | Killed Natasha
  3004 | D:3      | Reached XP level 5. HP: 22/33 MP: 5/5
  3020 | D:3      | Killed Grinder
  3021 | D:3      | Reached skill level 5 in Shields
  3021 | D:3      | Reached XP level 6. HP: 14/38 MP: 6/6
  3470 | D:3      | Noticed Natasha
  3482 | D:3      | Killed Natasha
  3499 | D:3      | Noticed Natasha
  3510 | D:3      | Killed Natasha
  4043 | D:3      | Reached XP level 7. HP: 40/43 MP: 7/7
  4243 | D:4      | Reached skill level 5 in Armour
  4315 | D:4      | Found a staircase to the Ecumenical Temple.
  4324 | Temple   | Entered the Ecumenical Temple
  4331 | Temple   | Became a worshipper of Warmaster Okawaru
  4448 | D:4      | HP: 1/43 [acid (4)]
  4448 | D:4      | Slain by a jelly

Illustrated notes

Levels and vault maps discovered:
D:1:      psy_arrival_basics, layout_loops_cross, serial_shops,
          nicolae_diamond_shop, minmay_misc_feat_iff
D:2:      layout_loops_corners, grunt_decor_arrowhead, grunt_decor_mini_mirrors,
          small_statue_intersection, hex_large, due_unseen_surprise
D:3:      layout_loops_cross, uniq_grinder, uniq_natasha
D:4:      cheibrodos_fertilizer, layout_rooms, grunt_temple_overflow_open,
          temple_hall, cheibrodos_sewer_entry_drain, minmay_quantized
Temple:   compressed_dpeg_circular_temple

Skill      XL: |  1  2  3  4  5  6  7 |
---------------+----------------------+-----
Long Blades    | 2 3 |  3.6
Shields        | 4 5 |  5.3
Dodging        | 1 |  1.8
Armour         | 4 5 |  5.0
Fighting       | 4 |  4.2
Evocations     | |  0.1

Action                   |  1- 3 |  4- 6 |  7- 9 || total
-------------------------+-------+-------+-------++-------
Melee: Long sword        |   157 |   126 |    56 ||   339
  Use: Scroll            |     2 |       |     6 ||     8
       Potion            |       |     4 |     2 ||     6
Armor: Scale mail        |    93 |    62 |       ||   155
       Chain mail        |       |     2 |    45 ||    47
Dodge: Dodged            |    77 |    65 |    22 ||   164
Block: Buckler           |    51 |    31 |    20 ||   102

Table legend: (Time is in decaauts)
 A = Elapsed time spent in this place.
 B = Non-inter-level travel time spent in this place.
 C = Inter-level travel time spent in this place.
 D = Time resting spent in this place.
 E = Time spent auto-exploring this place.
 F = Levels seen in this place.
 G = Mean time per level.
                   A        B        C        D        E       F      G
               +--------+--------+--------+--------+--------+-----+--------+
         Total |   4569 |   4440 |    129 |    299 |   3081 |   5 |  913.8 |
       Dungeon |   4555 |   4426 |    129 |    299 |   3081 |   4 | 1138.8 |
        Temple |     14 |     14 |      0 |      0 |      0 |   1 |   14.0 |
               +--------+--------+--------+--------+--------+-----+--------+

Top non-repeatable levels by time:
     D:2: 1858 daAuts
     D:1: 1366 daAuts
     D:3: 1121 daAuts
     D:4: 208 daAuts
  Temple: 14 daAuts
